 Dungeon Crawl Stone Soup version 0.27.1-33-g824d729ab1 (webtiles) character file.

Game seed: 4932428671132574992

67 ces the Gusty (level 4, 0/34 HPs)
             Began as a Gnoll Wanderer on Dec 9, 2021.
             Slain by an adder (5 damage)
             ... on level 2 of the Dungeon.
             The game lasted 00:02:27 (1853 turns).

ces the Gusty (Gnoll Wanderer)                      Turns: 1853, Time: 00:02:28

Health: 0/34       AC:  2    Str: 10 (11) XL:     4   Next: 16%
Magic:  8/8        EV: 12    Int: 10 (12) God:
Gold:   46         SH:  0    Dex:  9 (12) Spells: 8/8 levels left

rFire    + . .     SeeInvis .   h - +0 quarterstaff
rCold    + . .     Faith    .   (shield currently unavailable)
rNeg     . . .     Spirit   .   c - +0 robe
rPois    +         Reflect  .   (no helmet)
rElec    +         Harm     .   (no cloak)
rCorr    +         Rampage  .   (no gloves)
Will     .....                  (no boots)
Stlth    ++........             (no amulet)
HPRegen  0.11/turn              (no ring)
MPRegen  0.11/turn              (no ring)

@: lethally poisoned (0 -> -1), resistant
A: fangs 1, strong nose, distributed training
a: no special abilities


You were on level 2 of the Dungeon.
You visited 1 branch of the dungeon, and saw 2 of its levels.

You collected 46 gold pieces.

Inventory:

Hand Weapons
 a - a +2 dagger
 h - a +0 quarterstaff (weapon)
Armour
 c - a +0 robe (worn)
Jewellery
 f - an amulet of the acrobat
 g - a ring of see invisible
 i - a ring of poison resistance
Scrolls
 d - a scroll of amnesia {unknown}


   Skills:
 + Level 2.7 Fighting
 + Level 1.0 Short Blades
 + Level 1.0 Long Blades
 + Level 1.0 Axes
 + Level 1.0 Maces & Flails
 + Level 1.0 Polearms
 + Level 1.0 Staves
 + Level 1.0 Slings
 + Level 1.0 Bows
 + Level 1.0 Crossbows
 + Level 2.7 Throwing
 + Level 1.0 Armour
 + Level 2.7 Dodging
 + Level 2.5 Stealth
 + Level 1.0 Shields
 + Level 1.0 Unarmed Combat
 + Level 2.9 Spellcasting
 + Level 0.8 Conjurations
 + Level 0.8 Hexes
 + Level 0.8 Summonings
 + Level 0.8 Necromancy
 + Level 0.8 Translocations
 + Level 0.8 Transmutations
 + Level 2.2 Fire Magic
 + Level 0.8 Ice Magic
 + Level 5.4 Air Magic
 + Level 0.8 Earth Magic
 + Level 0.8 Poison Magic
 + Level 1.1 Invocations
 + Level 2.7 Evocations


You had 8 spell levels left.
You didn't know any spells.
Your spell library contained the following spells:

 Spells                   Type           Power      Damage    Failure   Level
 Shock                    Conj/Air       28%        1d4       8%          1
 Apportation              Tloc           6%         N/A       21%         1
 Mephitic Cloud           Conj/Pois/Air  6%         N/A       32%         3
 Gell's Gravitas          Tloc           1%         N/A       52%         3


Dungeon Overview and Level Annotations

Branches:
Dungeon (2/15)

Altars:
Beogh

Shops:
D:1 (


Innate Abilities, Weirdness & Mutations

You have very sharp teeth.
Your uncanny sense of smell can sniff out nearby items.
Your experience applies equally to all skills.


Message History

The adder closely misses you.
A frilled lizard comes into view.
The adder bites you.
You are poisoned.
The adder poisons you! The adder bites you.
You feel sick. The adder closely misses you. The adder bites you.
You feel sick. The adder bites you.
You feel sick.
You feel sick. The adder misses you.
You feel sick.
It was a potion of resistance.
You feel protected.
You feel sick. The adder closely misses you.
It was a potion of degeneration.
There was something very wrong with that liquid.
You feel weakened.
You feel dopey.
You feel clumsy.
You feel sick.
You are no longer poisoned.
The adder completely misses you. The adder bites you.
* * * LOW HITPOINT WARNING * * *
As you read the scroll of fear, it crumbles to dust.
You assume a fearsome visage.
The jackal looks frightened! x2
The adder looks frightened! x2
Cornered, the adder turns to fight!
The adder bites you but does no damage. The adder closely misses you.
The jackal bites you.
* * * LOW HITPOINT WARNING * * *
The adder misses you.
The jackal bites you but does no damage.
The jackal barely misses you. The adder bites you.
* * * LOW HITPOINT WARNING * * *
You are poisoned.
The adder poisons you!
You feel sick.
You feel sick.
The jackal bites you but does no damage.
You feel sick. The adder bites you.
You die...

#.#..#.##.# #######.#.#.
#.#..#.##.# .........).)
#.#..#.##.##########.#.#)#.
#######.#..#.....................
...........#.#...#####.....#.#.#.
.................# #.........<.
#######.##..###..#####.......#.#.
.................................
...............S@................
.######.###.###h.##...#.##.###.#.
.# #.# #.# #..##...#.##.# #.#. h#
#+# #.# #..##...#.# # #.#. .# #.#
#...+...... .. . .# #.#
#.###...#.# .# #.. #.# #...#.# .#
##. #.# .# +


You could see an adder and a jackal.

Vanquished Creatures
  Jessica (D:2)
  An adder (D:2)
  An adder skeleton (D:2)
  A dart slug (D:1)
  2 endoplasms (D:1)
  A giant cockroach (D:1)
  4 goblins
  A hobgoblin (D:1)
  2 kobolds
  2 quokkas
  2 ball pythons
  4 bats (D:1)
  2 frilled lizards
  3 rats
27 creatures vanquished.

Vanquished Creatures (others)
  2 withered plants (D:2)
2 creatures vanquished.

Grand Total: 29 creatures vanquished

Notes
Turn   | Place    | Note
-------+----------+-------------------------------------------
     0 | D:1      | ces the Gnoll Wanderer began the quest for the Orb.
     0 | D:1      | ces set off with the following items: a +2 dagger, a scroll
                  | of fear, a +0 robe; and the following spells available to
                  | memorise: Shock, Apportation, Mephitic Cloud, Gell's
                  | Gravitas
     0 | D:1      | Reached XP level 1. HP: 17/17 MP: 4/4
   302 | D:1      | Reached XP level 2. HP: 23/23 MP: 5/5
   319 | D:1      | Found a faded altar of an unknown god.
   670 | D:1      | Found Zeomelep's Weapon Shop.
  1327 | D:2      | Reached XP level 3. HP: 24/28 MP: 7/7
  1586 | D:2      | Reached skill level 1 in Invocations
  1673 | D:2      | Noticed Jessica
  1683 | D:2      | Killed Jessica
  1684 | D:2      | Reached skill level 1 in Short Blades
  1684 | D:2      | Reached skill level 1 in Long Blades
  1684 | D:2      | Reached skill level 1 in Axes
  1684 | D:2      | Reached skill level 1 in Maces & Flails
  1684 | D:2      | Reached skill level 1 in Polearms
  1684 | D:2      | Reached skill level 1 in Staves
  1684 | D:2      | Reached skill level 1 in Slings
  1684 | D:2      | Reached skill level 1 in Bows
  1684 | D:2      | Reached skill level 1 in Crossbows
  1684 | D:2      | Reached skill level 1 in Armour
  1684 | D:2      | Reached skill level 1 in Shields
  1684 | D:2      | Reached skill level 1 in Unarmed Combat
  1684 | D:2      | Reached XP level 4. HP: 19/34 MP: 8/8
  1853 | D:2      | Slain by an adder

Illustrated notes

Levels and vault maps discovered:
D:1:      dpeg_arrival_round_b, layout_basic,
          hellmonk_ecumenical_altar_defaced_shrine, serial_shops,
          nicolae_shop_temple_entry_statues_fountains
D:2:      layout_basic, serial_undead, serial_undead_e, serial_undead_f,
          serial_undead_c, serial_undead_b, basic_altar, uniq_jessica

Skill      XL: |  1  2  3 |
---------------+----------+-----
Fire Magic     | 2 |  2.2
Invocations    | 1 |  1.1
Short Blades   | 1 |  1.0
Long Blades    | 1 |  1.0
Axes           | 1 |  1.0
Maces & Flails | 1 |  1.0
Polearms       | 1 |  1.0
Staves         | 1 |  1.0
Slings         | 1 |  1.0
Bows           | 1 |  1.0
Crossbows      | 1 |  1.0
Armour         | 1 |  1.0
Shields        | 1 |  1.0
Unarmed Combat | 1 |  1.0
Fighting       | |  2.7
Throwing       | |  2.7
Dodging        | |  2.7
Stealth        | |  2.5
Spellcasting   | |  2.9
Conjurations   | |  0.8
Hexes          | |  0.8
Summonings     | |  0.8
Necromancy     | |  0.8
Translocations | |  0.8
Transmutations | |  0.8
Ice Magic      | |  0.8
Air Magic      | |  5.4
Earth Magic    | |  0.8
Poison Magic   | |  0.8
Evocations     | |  2.7

Action                   |  1- 3 |  4- 6 || total
-------------------------+-------+-------++-------
Melee: Dagger            |    37 |       ||    37
       Quarterstaff      |    38 |     2 ||    40
       Bite              |     5 |       ||     5
  Use: Potion            |       |     2 ||     2
       Scroll            |       |     1 ||     1
 Stab: Sleeping          |     2 |       ||     2
Armor: Robe              |    16 |     3 ||    19
Dodge: Dodged            |    61 |     9 ||    70
